 Dungeon Crawl Stone Soup version 0.20.1-1-g8b1a95d (webtiles) character file.

20815 troglodite the Protected (level 12, -15/145 HPs)
             Began as a Demonspawn Berserker on Dec 13, 2017.
             Was a High Priest of Trog.
             Demolished by a sun demon (16 damage)
             ... summoned by an orc sorcerer
             ... on level 2 of the Orcish Mines.
             The game lasted 00:50:07 (13347 turns).

troglodite the Protected (Demonspawn Berserker)    Turns: 13347, Time: 00:50:08

Health: -15/145    AC: 26    Str: 26    XL:     12   Next: 48%
Magic:  0/12       EV: 12    Int: 11    God:    Trog [*****.]
Gold:   735        SH:  0    Dex: 20    Spells: 11/11 levels left

rFire    x . .     SeeInvis .   k - +10 scimitar of Day {protect, rF- Str+4 Dex+2}
rCold    + . .     Gourm    .   (no shield)
rNeg     . . .     Faith    .   O - +0 plate armour
rPois    .         Spirit   +   (helmet unavailable)
rElec    .         Reflect  .   i - +2 cloak
rCorr    .         Harm     .   (no gloves)
MR       ++...                  M - +0 pair of boots
Stlth    ..........             K - amulet of regeneration
Regen    0.8/turn               L - ring of protection from cold
MPRegen  0.3/turn               h - ring of protection from magic

@: berserking, protection aura, drained, very quick
A: horns 3, agile 1, magic resistance 1, powered by death 1, magic shield, magic
regeneration, magic link
a: Berserk, Trog's Hand, Brothers in Arms, Burn Spellbooks, Renounce Religion


You were on level 2 of the Orcish Mines.
You worshipped Trog.
Trog was extremely pleased with you.
You were very hungry.

You visited 2 branches of the dungeon, and saw 14 of its levels.

You collected 1233 gold pieces.
You spent 498 gold pieces at shops.

Inventory:

Hand Weapons
 k - the +10 scimitar of Day (weapon) {protect, rF- Str+4 Dex+2}
   (You bought it in a shop on level 2 of the Orcish Mines)

   It protects the one who uses it against injury (+AC on strike).
   It affects your strength (+4).
   It affects your dexterity (+2).
   It makes you vulnerable to fire.
 u - a +2 mace of protection
 F - a +7 scimitar of freezing
Armour
 i - a +2 cloak (worn)
 M - a +0 pair of boots (worn)
 O - a +0 plate armour (worn)
Jewellery
 a - an uncursed ring of flight
 h - a ring of protection from magic (right hand)
 j - an uncursed ring of protection from fire
 D - an uncursed ring of fire
 K - an amulet of regeneration (around neck)
 L - a ring of protection from cold (left hand)
Wands
 b - a wand of digging (24/24)
 e - a wand of acid (5/15)
 y - a wand of random effects (10/48)
 A - a wand of iceblast (8/15)
 B - a wand of disintegration (15/24)
 G - a wand of flame (22/48)
 J - a wand of flame (15/48)
 N - a wand of digging (13/24)
Scrolls
 m - 2 scrolls of magic mapping
 n - a scroll of remove curse
 q - 3 scrolls of recharging
 r - 2 scrolls of fear
 s - 2 scrolls of teleportation
 v - 4 scrolls of identify
 C - a scroll of fog
 H - 2 scrolls of enchant armour
Potions
 d - a potion of resistance
 f - a potion of brilliance
 l - 2 potions of haste
 o - 4 potions of curing
 t - 3 potions of might
 w - a potion of agility
 x - 4 potions of invisibility
 z - 2 potions of flight
 E - 2 potions of heal wounds
Comestibles
 c - 12 bread rations
 g - 12 meat rations
 p - 6 fruits
 I - 4 chunks of flesh


   Skills:
 * Level 10.1(9.4) Fighting
 + Level 9.8(9.1) Long Blades
 + Level 5.4(4.8) Maces & Flails
 * Level 10.8(10.2) Armour
 * Level 8.0(7.4) Dodging
 + Level 1.8(1.2) Stealth


You had 11 spell levels left.
You didn't know any spells.

Dungeon Overview and Level Annotations

Branches:
Dungeon (12/15)            Temple (0/1) D:4            Lair (0/6) D:10
    Orc (2/2) D:9             Elf (0/3) Orc:2

Altars:
Cheibriados
Elyvilon
Fedhas
Hepliaklqana
Makhleb
Nemelex Xobeh
Ru
Trog
Xom

Shops:
D:5 }   D:7 [   D:9 *   D:11 [   Orc:2 =(

Annotations:
D:3 1 runed door


Innate Abilities, Weirdness & Mutations

You have a pair of large horns on your head.
You regenerate a little health from kills.
When hurt, damage is shared between your health and your magic reserves.
You regenerate magic rapidly.
When low on magic, you restore magic in place of health.
You are agile. (Dex +2)
You are resistant to hostile enchantments. (MR+)


Message History

A red film seems to cover your vision as you go berserk!
You feel yourself moving faster!
You feel mighty!
You are feeling very hungry.
The ice devil closely misses you.
You riposte.
You slice the ice devil!!
The ice devil is severely wounded.
The sun demon hits you!
* * * LOW HITPOINT WARNING * * *
You are engulfed in flames!!
The fire burns you terribly!
* * * LOW HITPOINT WARNING * * *
The orc sorcerer casts a spell.
The orc sorcerer closely misses you.
You riposte.
You slash the orc sorcerer! Your headbutt misses the orc sorcerer.
The orc sorcerer is heavily wounded.
You miss the orc sorcerer. You headbutt the orc sorcerer!
The orc sorcerer is severely wounded.
The ice devil hits you but does no damage.
The sun demon hits you.
* * * LOW HITPOINT WARNING * * *
You are engulfed in flames!
The fire burns you terribly!
You die...

.............#.#......##
.....................##
.....................##
$.........>...............#
..........................#
.........4...............##
...................#...#..##
........##)o3[[............#
#.#.......@o..............#
. #........<4)..........#.##
..##......[[[...........#.##
...........................#
...........................#
..#.................#......#
..........................##
......##...P.......##.#...#
.##... ##..P...P....###...#


You could see a sun demon, an ice devil, a chaos spawn and 2 orc sorcerers.

Vanquished Creatures
  An orc warlord (Orc:1)
  Snorg (D:10)
  3 two-headed ogres
  An orc high priest (Orc:2)
  Nergalle (D:12)
  An unseen horror (D:11)
  An orc knight (Orc:1)
  An ugly thing (D:11)
  4 orc sorcerers
  A cyclops (D:12)
  Psyche (D:8)
  A redback zombie (D:12)
  2 trolls
  Grinder (D:3)
  A wraith (D:10)
  A wyvern (D:11)
  11 yaks
  Menkaure (D:6)
  2 wargs (Orc:1)
  3 porcupines (D:10)
  A swamp drake (D:9)
  2 ice beasts
  26 orc warriors
  2 phantoms
  2 sky beasts
  A necrophage (D:10)
  A black bear (D:4)
  4 centaurs
  13 ogres
  3 big kobolds
  A gnoll sergeant (D:8)
  6 bullfrogs
  A wyvern zombie (D:6)
  10 scorpions
  10 wights (D:6)
  A howler monkey (D:7)
  4 crimson imps
  A lava snake (D:9)
  A human zombie (D:3)
  9 hounds
  A jelly (D:5)
  Crazy Yiuf (D:3)
  14 orc priests
  9 orc wizards
  A bullfrog skeleton (D:4)
  3 centaur skeletons
  4 iguanas
  Terence (D:3)
  7 worker ants
  A hound skeleton (D:7)
  Robin (D:4)
  12 gnolls
  9 adders
  An ooze (D:2)
  3 worms
  5 dart slugs
  4 leopard geckos
  55 orcs
  2 ball pythons
  5 bats
  4 giant cockroaches
  14 goblins
  8 hobgoblins
  10 jackals
  6 quokkas
  3 frilled lizards
  A giant cockroach zombie (D:5)
  A jackal skeleton (D:4)
  A jackal zombie (D:5)
  12 kobolds
  A quokka zombie (D:5)
  9 rats
  2 fungi (D:3)
349 creatures vanquished.

Vanquished Creatures (collateral kills)
  An orc knight (Orc:1)
  2 black bears (D:8)
  An orc warrior (Orc:1)
  A hound (D:8)
  An adder (D:8)
  An orc (Orc:1)
7 creatures vanquished.

Vanquished Creatures (others)
  An orc (D:9)
  A fungus (Orc:2)
2 creatures vanquished.

Grand Total: 358 creatures vanquished

Notes
Turn   | Place    | Note
-------+----------+-------------------------------------------
     0 | D:1      | troglodite the Demonspawn Berserker began the quest for the Orb.
     0 | D:1      | Reached XP level 1. HP: 18/18 MP: 1/1
    89 | D:1      | Gained mutation: When hurt, damage is shared between your health and your magic reserves. [demonic ancestry]
    89 | D:1      | Reached XP level 2. HP: 19/24 MP: 2/2
  1001 | D:2      | Gained mutation: You have a pair of small horns on your head. [demonic ancestry]
  1001 | D:2      | Reached XP level 3. HP: 16/29 MP: 3/3
  1517 | D:2      | Reached ** piety under Trog
  1575 | D:2      | Found a radiant altar of Vehumet.
  1578 | D:2      | Found a blossoming altar of Fedhas.
  1578 | D:2      | Found a basalt altar of Yredelemnul.
  1580 | D:2      | Found a shimmering altar of Xom.
  1580 | D:2      | Found a white marble altar of Elyvilon.
  1580 | D:2      | Found a white marble altar of Elyvilon.
  1963 | D:2      | Reached skill level 1 in Maces & Flails
  2054 | D:2      | Reached XP level 4. HP: 33/36 MP: 4/4
  2189 | D:3      | Noticed Terence
  2192 | D:3      | Noticed Grinder
  2197 | D:3      | Killed Terence
  2199 | D:3      | Killed Grinder
  2199 | D:3      | Reached skill level 1 in Stealth
  2199 | D:3      | Gained mutation: You regenerate magic rapidly. [demonic ancestry]
  2199 | D:3      | Reached XP level 5. HP: 42/42 MP: 5/5
  2199 | D:3      | Gained mutation: You have a pair of horns on your head. [demonic ancestry]
  2199 | D:3      | Reached XP level 6. HP: 48/48 MP: 6/6
  2733 | D:3      | Found a runed door.
  2733 | D:3      | Noticed a human
  3036 | D:3      | Found a runed door.
  3040 | D:3      | Noticed Crazy Yiuf
  3044 | D:3      | Killed Crazy Yiuf
  3424 | D:4      | Noticed Robin
  3433 | D:4      | Reached *** piety under Trog
  3441 | D:4      | Killed Robin
  3444 | D:4      | Reached XP level 7. HP: 39/55 MP: 3/7
  3822 | D:4      | Found a staircase to the Ecumenical Temple.
  3914 | D:4      | Found a burning altar of Makhleb.
  4186 | D:5      | Entered Level 5 of the Dungeon
  4186 | D:5      | Found a snail-covered altar of Cheibriados.
  4201 | D:5      | Reached skill level 5 in Fighting
  4244 | D:5      | Found Onahuelu's Gadget Shoppe.
  4339 | D:5      | Found a snail-covered altar of Cheibriados.
  4602 | D:5      | Reached XP level 8. HP: 54/63 MP: 8/8
  5345 | D:6      | Reached **** piety under Trog
  5345 | D:6      | Reached skill level 5 in Armour
  5535 | D:6      | Reached skill level 5 in Maces & Flails
  6084 | D:6      | Found a sparkling altar of Nemelex Xobeh.
  6107 | D:6      | Gained mutation: You have a pair of large horns on your head. [demonic ancestry]
  6107 | D:6      | Reached XP level 9. HP: 64/69 MP: 9/9
  6470 | D:6      | Noticed Menkaure
  6479 | D:6      | Killed Menkaure
  7075 | D:7      | Reached skill level 5 in Dodging
  7422 | D:7      | Found Tackeuc's Antique Armour Shoppe.
  7451 | D:7      | Gained mutation: You are somewhat resistant to further mutation. [potion of mutation]
  7451 | D:7      | Gained mutation: Your magical capacity is low. (-10% MP) [potion of mutation]
  7451 | D:7      | Gained mutation: You have large cloven feet. [potion of mutation]
  7452 | D:7      | Lost mutation: Your magical capacity is low. (-10% MP) [potion of mutation]
  7452 | D:7      | Lost mutation: You are somewhat resistant to further mutation. [potion of mutation]
  7452 | D:7      | Lost mutation: You have large cloven feet. [potion of mutation]
  7452 | D:7      | Gained mutation: Your spells are a little harder to cast, but a little more powerful. [potion of mutation]
  7452 | D:7      | Gained mutation: You expend magic power (3 MP) to strengthen your wands. [potion of mutation]
  7452 | D:7      | Gained mutation: Potions are less effective at restoring your health. [potion of mutation]
  7452 | D:7      | Gained mutation: Your system is resistant to poisons. (rPois) [potion of mutation]
  7595 | D:7      | Reached ***** piety under Trog
  7749 | D:7      | Got a faintly humming robe
  7760 | D:7      | Identified the +0 robe of Yzofe {rN+ Regen+} (You found it on level 7 of the Dungeon)
  7803 | D:7      | Found a sacrificial altar of Ru.
  7941 | D:8      | Received a gift from Trog
  7974 | D:8      | Found a bloodstained altar of Trog.
  7984 | D:8      | Reached skill level 5 in Long Blades
  8082 | D:8      | Found a sparkling altar of Nemelex Xobeh.
  8358 | D:8      | Noticed Psyche
  8362 | D:8      | Killed Psyche
  8362 | D:8      | Reached XP level 10. HP: 79/79 MP: 8/10
  8649 | D:8      | Found a blossoming altar of Fedhas.
  8668 | D:9      | Found a white marble altar of Elyvilon.
  8959 | D:9      | Found Durrid Gerr's Assorted Antiques.
  8975 | D:9      | Bought a potion of mutation for 264 gold pieces
  8975 | D:9      | Lost mutation: Your system is resistant to poisons. (rPois) [potion of mutation]
  8975 | D:9      | Lost mutation: Potions are less effective at restoring your health. [potion of mutation]
  8975 | D:9      | Lost mutation: Your spells are a little harder to cast, but a little more powerful. [potion of mutation]
  8975 | D:9      | Lost mutation: You expend magic power (3 MP) to strengthen your wands. [potion of mutation]
  8975 | D:9      | Gained mutation: You are resistant to hostile enchantments. (MR+) [potion of mutation]
  8975 | D:9      | Gained mutation: You are agile. (Dex +2) [potion of mutation]
  9038 | D:9      | Found a hazy altar of Hepliaklqana.
  9205 | D:9      | Found a staircase to the Orcish Mines.
  9487 | D:10     | Entered Level 10 of the Dungeon
  9857 | D:10     | Found a staircase to the Lair.
  9965 | D:10     | Noticed a two-headed ogre
  9976 | D:10     | Killed a two-headed ogre
  9976 | D:10     | Gained mutation: When low on magic, you restore magic in place of health. [demonic ancestry]
  9976 | D:10     | Reached XP level 11. HP: 76/86 MP: 9/11
 10062 | D:10     | Noticed a two-headed ogre
 10068 | D:10     | Killed a two-headed ogre
 10106 | D:10     | Noticed Snorg
 10118 | D:10     | Killed Snorg
 10340 | D:10     | You fall through a shaft for 2 floors!
 10452 | D:12     | Noticed a two-headed ogre
 10461 | D:12     | Killed a two-headed ogre
 10491 | D:12     | Noticed Nergalle
 10503 | D:12     | Killed Nergalle
 11420 | D:11     | Received a gift from Trog
 11448 | D:11     | Killed an unseen horror
 11583 | D:11     | Found Upuari Wuasa's Antique Armour Boutique.
 11611 | D:11     | Noticed a green ugly thing
 11620 | D:11     | Killed a green ugly thing
 11620 | D:11     | Reached skill level 10 in Armour
 12049 | Orc:1    | Entered Level 1 of the Orcish Mines
 12087 | Orc:1    | Noticed an orc knight
 12087 | Orc:1    | Noticed an orc sorcerer
 12099 | Orc:1    | Noticed an orc sorcerer
 12099 | Orc:1    | Killed an orc sorcerer
 12101 | Orc:1    | Killed an orc knight
 12110 | Orc:1    | Noticed a sun demon
 12349 | Orc:1    | Noticed an orc knight
 12370 | Orc:1    | Killed an orc knight
 12370 | Orc:1    | Gained mutation: You regenerate a little health from kills. [demonic ancestry]
 12370 | Orc:1    | Reached XP level 12. HP: 74/96 MP: 8/12
 12635 | Orc:2    | Entered Level 2 of the Orcish Mines
 12635 | Orc:2    | Found a staircase to the Elven Halls.
 12640 | Orc:2    | Noticed an orc high priest
 12857 | Orc:2    | Killed an orc high priest
 12911 | Orc:2    | Found Ranlof's Antique Weapon Shop.
 13063 | Orc:2    | Bought a dazzling scimitar for 234 gold pieces
 13063 | Orc:2    | Identified the +10 scimitar of Day {protect, rF- Str+4 Dex+2} (You bought it in a shop on level 2 of the Orcish Mines)
 13221 | Orc:2    | Noticed an orc warlord
 13222 | Orc:2    | Found Pihumypu's Jewellery Shop.
 13267 | Orc:1    | Killed an orc warlord
 13267 | Orc:1    | Reached skill level 10 in Fighting
 13346 | Orc:2    | HP: 5/145 [sun demon[an orc sorcerer] (19)]
 13347 | Orc:2    | HP: 1/145 [sun demon[an orc sorcerer] (4)]
 13347 | Orc:2    | Demolished by a sun demon

Skill      XL: |  1  2  3  4  5  6  7  8  9 10 11 12 |
---------------+-------------------------------------+-----
Armour         | 2 3 4 6 7 9 10 | 10.8
Dodging        | 2 3 4 5 6 7 8 |  8.0
Maces & Flails | 1 2 3 4 5 |  5.4
Fighting       | 4 5 6 7 8 9 10 | 10.1
Stealth        | 1 |  1.8
Long Blades    | 3 5 7 9 |  9.8

Action                   |  1- 3 |  4- 6 |  7- 9 | 10-12 || total
-------------------------+-------+-------+-------+-------++-------
Melee: Mace              |   100 |   107 |   168 |       ||   375
       Falchion          |     6 |       |       |       ||     6
       Headbutt          |     4 |    26 |    71 |   110 ||   211
       Scimitar          |       |       |   194 |   425 ||   619
Invok: Berserk           |       |     4 |     4 |    13 ||    21
       Burn Spellbooks   |       |       |     1 |     1 ||     2
       Brothers in Arms  |       |       |       |     2 ||     2
  Use: Scroll            |       |       |    22 |     5 ||    27
       Potion            |       |       |     2 |     1 ||     3
  Eat: Chunk             |     4 |     7 |    16 |    23 ||    50
       Fruit             |       |       |     2 |       ||     2
       Royal jelly       |       |       |     1 |     3 ||     4
Armor: Animal skin       |    37 |     8 |       |       ||    45
       Chain mail        |       |    63 |   194 |   180 ||   437
       Plate armour      |       |       |       |    71 ||    71
Dodge: Dodged            |   100 |    64 |   164 |   255 ||   583
       Rpst.: Falchion   |     4 |       |       |       ||     4
       Scimitar          |       |       |    27 |    70 ||    97
